AoeStats
← toocool4321

Arabia

509652791Analyzed
1v1 RM · 4d ago on Sep 27, 2026· 44m 2s· 2 players
Game mode
Random Map
Map size
Tiny (2 player)
Population
200
Speed
Normal
Resources
Standard
Victory
Conquest
Starting age
Dark Age
Ending age
Imperial Age
RankedLock teamsTeams togetherTeam positionsShared explorationLock speedFull tech treeHidden civsTurbo modeCheats
Victory
Defeat
🇨🇦 Goths · Canada
963
+16
🇨🇱 Bohemians · Chile
960
-16
Manzaco
6:39 Loom
9:34 Feudal Age
10:07 Double-Bit Axe
13:52 Forging
14:44 Scale Mail Armor
14:32 Man-at-Arms
24:26 Castle Age
23:32 Fletching
41:12 Imperial Age
toocool4321
0:38 Loom
11:21 Feudal Age
11:26 Man-at-Arms
13:50 Double-Bit Axe
15:52 Forging
20:54 Scale Mail Armor
25:35 Castle Age
25:28 Fletching
26:04 Long Swordsman
30:46 Wheelbarrow
30:16 Squires
39:51 Town Watch
Connection lost

Rejoining the realm…

Still unreachable

The connection could not be restored.

Session expired

The server has moved on; the page needs a fresh start.